 Dungeon Crawl Stone Soup version 0.21.1-1-g345015fe64 (webtiles) character file.

104 JuliusFucik the Firebug (level 4, -15/34 HPs)
             Began as a Draconian Fire Elementalist on June 9, 2018.
             Demolished by an ogre
             ... wielding a +0 giant club
              (20 damage)
             ... on level 5 of the Dungeon.
             The game lasted 00:29:59 (3710 turns).

JuliusFucik the Firebug (DrFE)                      Turns: 3710, Time: 00:30:00

Health: -15/34     AC:  5    Str: 11    XL:     4   Next: 52%
Magic:  1/8        EV: 12    Int: 16    God:
Gold:   96         SH:  0    Dex: 11    Spells: 5/8 levels left

rFire    . . .     SeeInvis .   F - +0 war axe
rCold    . . .     Gourm    .   (no shield)
rNeg     . . .     Faith    .   (armour unavailable)
rPois    .         Spirit   .   (helmet restricted)
rElec    .         Reflect  .   (no cloak)
rCorr    .         Harm     .   (no gloves)
MR       .....                  (no boots)
Stlth    ++........             (no amulet)
HPRegen  0.11/turn              (no ring)
MPRegen  0.11/turn              (no ring)

@: very slightly contaminated
A: unfitting armour, cold-blooded, AC +5
a: no special abilities


You were on level 5 of the Dungeon.
You were not hungry.

You visited 1 branch of the dungeon, and saw 4 of its levels.

You collected 96 gold pieces.

Inventory:

Hand Weapons
 f - a +0 club
 h - a +0 club
 m - a +0 club
 n - a +0 club
 q - a cursed -1 club
 t - a +0 club
 u - a cursed -1 dagger
 y - a cursed -2 club
 B - a +0 club
 E - a +0 flail
 F - a +0 war axe (weapon)
 H - a +0 dagger
Missiles
 i - 89 stones (quivered)
 r - 13 sling bullets
 x - 15 bolts
 G - 13 arrows
Armour
 c - a +0 chain mail
 k - a +1 leather armour of magic resistance
 l - a +0 robe
 o - a +0 robe
 z - a +0 ring mail
 C - a cursed +0 leather armour
Wands
 w - a wand of disintegration (12)
Scrolls
 j - 2 scrolls of remove curse
 s - a scroll of teleportation {unknown}
 D - a scroll of magic mapping
Potions
 d - a potion of brilliance {unknown}
 e - a potion of lignification
 g - a potion of cancellation {unknown}
 v - 2 potions of curing {unknown}
 A - a potion of heal wounds {unknown}
Books
 a - a book of Flames

   Spells                             Type                      Level
   a - Flame Tongue                   Conjuration/Fire             1
   b - Throw Flame                    Conjuration/Fire             2
   c - Conjure Flame                  Conjuration/Fire             3
   d - Inner Flame                    Hexes/Fire                   3
   e - Sticky Flame                   Conjuration/Fire             4
   f - Fireball                       Conjuration/Fire             5
Comestibles
 b - 5 rations
 p - 5 chunks of flesh


   Skills:
 + Level 0.6 Fighting
 + Level 0.3 Maces & Flails
 + Level 2.6 Dodging
 + Level 2.0 Stealth
 + Level 2.7 Spellcasting
 + Level 1.6 Conjurations
 + Level 3.7 Fire Magic


You had 5 spell levels left.
You knew the following spells:

 Your Spells              Type           Power        Failure   Level  Hunger
a - Flame Tongue          Conj/Fire      ##...        6%          1    #......
b - Throw Flame           Conj/Fire      ##....       10%         2    ##.....


Dungeon Overview and Level Annotations

Branches:
Dungeon (3/15)

Altars:
Cheibriados
Xom


Innate Abilities, Weirdness & Mutations

Your plain brown scales are hard. (AC +5)
You cannot fit into any form of body armour.
You are cold-blooded and may be slowed by cold attacks.


Message History

Aim: an ogre, wielding a giant club (heavily wounded)
You miscast Throw Flame.
You are very lightly contaminated with residual magic.
Nothing appears to happen.
You hit the ogre.
The ogre is heavily wounded.
The ogre misses you.
You hit the ogre.
The ogre is severely wounded.
The ogre hits you with a giant club!
You completely miss the ogre.
The ogre is severely wounded.
The ogre hits you with a giant club!
Ouch! That really hurt!
* * * LOW HITPOINT WARNING * * *
You hit the ogre but do no damage.
The ogre is severely wounded.
The ogre hits you with a giant club!!
Ouch! That really hurt!
You die...

#..........
#...........
#...........
#...........
#.........>.
#...........
#..........
#...O..##.
#...@..#
................
................
#...##.......[...
##+# #...........
#...........
#......##...
#......# .Y.


You could see a sky beast (sleeping) and an ogre.

Vanquished Creatures
  5 adders
  A worm (D:3)
  2 dart slugs (D:1)
  3 orcs (D:3)
  A giant cockroach (D:1)
  5 goblins
  8 hobgoblins
  8 jackals (D:2)
  6 bats
  5 frilled lizards
  3 kobolds
  A rat (D:1)
48 creatures vanquished.

Notes
Turn   | Place    | Note
-------+----------+-------------------------------------------
     0 | D:1      | JuliusFucik the Draconian Fire Elementalist began the quest for the Orb.
     0 | D:1      | Reached XP level 1. HP: 14/14 MP: 3/3
   756 | D:1      | Reached XP level 2. HP: 20/20 MP: 3/5
  1440 | D:2      | Learned a level 2 spell: Throw Flame
  1714 | D:2      | Found a snail-covered altar of Cheibriados.
  1760 | D:2      | Found a shimmering altar of Xom.
  1763 | D:2      | Reached XP level 3. HP: 26/26 MP: 1/6
  2831 | D:2      | Reached XP level 4. HP: 34/34 MP: 3/8
  3696 | D:3      | You fall through a shaft for 2 floors!
  3696 | D:5      | Entered Level 5 of the Dungeon
  3699 | D:5      | Noticed an ogre
  3701 | D:5      | Noticed a sky beast
  3710 | D:5      | Demolished by an ogre

Skill      XL: |  1  2  3 |
---------------+----------+-----
Dodging        | 2 |  2.6
Stealth        | 2 |  2.0
Fighting       | |  0.6
Maces & Flails | |  0.3
Spellcasting   | |  2.7
Conjurations   | |  1.6
Fire Magic     | |  3.7

Action                   |  1- 3 |  4- 6 || total
-------------------------+-------+-------++-------
Melee: Club              |    72 |    13 ||    85
       Tailslap          |     4 |     2 ||     6
       War axe           |       |    15 ||    15
 Cast: Flame Tongue      |    34 |     1 ||    35
       Throw Flame       |    14 |    23 ||    37
  Use: Scroll            |     1 |     4 ||     5
       Potion            |     1 |       ||     1
  Eat: Chunk             |     4 |     1 ||     5
       Ration            |     1 |     1 ||     2
Armor: Skin              |    43 |    30 ||    73
Dodge: Dodged            |   111 |    34 ||   145
